AoeStats
← Chigüiro

Arabia

509768564Analyzed
4v4 RM · 4d ago on Sep 27, 2026· 20m 6s· 8 players
Game mode
Random Map
Map size
Large (8 player)
Population
200
Speed
Normal
Resources
Standard
Victory
Conquest
Starting age
Dark Age
Ending age
Imperial Age
RankedLock teamsTeams togetherTeam positionsShared explorationLock speedFull tech treeHidden civsTurbo modeCheats
Victory
Defeat
🇦🇷 Persians · Argentina
1674
+13
🇦🇷 Maya · Argentina
1623
+15
🇦🇷 Wei · Argentina
1604
+15
🇦🇷 Ethiopians · Argentina
1582
+16
🇨🇳 Wei · China
1615
-16
🇨🇳 Khmer · China
1602
-15
🇨🇴 Slavs · Colombia
1583
-14
🇹🇷 Britons · Türkiye
1581
-14
Bz_青红
6:01 Loom
10:57 Feudal Age
11:45 Double-Bit Axe
12:48 Scale Barding Armor
16:23 Forging
第一滴血
6:34 Loom
9:13 Feudal Age
10:00 Horse Collar
16:10 Bloodlines
16:52 Scale Barding Armor
18:56 Forging
19:50 Double-Bit Axe
Chigüiro
6:56 Loom
9:05 Feudal Age
9:41 Double-Bit Axe
15:25 Scale Barding Armor
LonzoWall
5:08 Loom
9:08 Feudal Age
13:04 Fletching
14:40 Padded Archer Armor
✝ CONSTANTINO XI ✝
7:08 Loom
9:17 Feudal Age
9:53 Double-Bit Axe
11:20 Horse Collar
16:50 Scale Barding Armor
20:15 Forging
20:30 Stone Mining
Lancelot Knight
6:00 Loom
8:28 Feudal Age
12:19 Fletching
15:33 Padded Archer Armor
16:37 Double-Bit Axe
BTJ | Leoqueen
6:07 Loom
8:56 Feudal Age
9:34 Double-Bit Axe
16:52 Forging
18:13 Wheelbarrow
21:44 Castle Age
20:15 Scale Barding Armor
20:51 Bloodlines
BTJ | ThC_Lobo
0:26 Loom
10:00 Feudal Age
14:24 Fletching
14:44 Double-Bit Axe
Connection lost

Rejoining the realm…

Still unreachable

The connection could not be restored.

Session expired

The server has moved on; the page needs a fresh start.